 Dungeon Crawl Stone Soup version 0.25.1-2-g60ff931df9 (webtiles) character file.

Game seed: 15559738158810907798

2688 Allula97 the Sneak (level 9, -8/68 HPs)
             Began as a Demonspawn Assassin on Nov 11, 2020.
             Mangled by Maggie
             ... wielding a +1 scimitar of holy wrath
              (15 damage)
             ... on level 6 of the Dungeon.
             The game lasted 00:29:06 (5613 turns).

Allula97 the Sneak (Demonspawn Assassin)            Turns: 5613, Time: 00:29:06

Health: -8/68      AC:  7    Str: 12    XL:     9   Next: 38%
Magic:  13/13      EV: 15    Int: 13    God:
Gold:   446        SH:  5    Dex: 15    Spells: 14/14 levels left

rFire    . . .     SeeInvis .   z - +2 dagger (venom)
rCold    + . .     Gourm    .   (no shield)
rNeg     . . .     Faith    .   b - +0 robe
rPois    .         Spirit   .   (helmet restricted)
rElec    .         Reflect  +   c - +0 cloak
rCorr    .         Harm     .   x - +0 pair of gloves
MR       .....                  g - +0 pair of boots
Stlth    +++.......             o - amulet of reflection
HPRegen  0.21/turn              (no ring)
MPRegen  0.13/turn              (no ring)

@: about to teleport, studying Poison Magic
A: beak, horns 2, yellow scales 1, blink, clumsy 1, cold resistance 1, demonic
guardian 1, screaming 1
a: Blink


You were on level 6 of the Dungeon.
You were hungry.

You visited 1 branch of the dungeon, and saw 6 of its levels.

You collected 446 gold pieces.

Inventory:

Hand Weapons
 a - a +2 dagger
 z - a +2 dagger of venom (weapon)
Missiles
 d - 65 poisoned darts (quivered)
Armour
 b - a +0 robe (worn)
 c - a +0 cloak (worn)
 g - a +0 pair of boots (worn)
 s - a cursed +0 scale mail
 x - a +0 pair of gloves (worn)
Jewellery
 o - an amulet of reflection (around neck)
Wands
 w - a wand of flame (26)
Scrolls
 e - 2 scrolls of identify
 h - 5 scrolls of remove curse
 k - 2 scrolls of amnesia
 l - 6 scrolls of teleportation
 r - 2 scrolls of fear
Potions
 j - 3 potions of brilliance
 n - a potion of flight
 p - a potion of lignification
 t - 2 potions of magic
 u - a potion of resistance
 v - a potion of cancellation
 A - a potion of degeneration
Books
 y - a manual of Poison Magic
Comestibles
 f - 10 rations
 i - 8 chunks of flesh


   Skills:
 * Level 5.4 Fighting
 * Level 5.1 Short Blades
 * Level 4.9 Throwing
 + Level 3.1 Armour
 * Level 4.8 Dodging
 * Level 6.4 Stealth
 + Level 3.2 Spellcasting


You had 14 spell levels left.
You didn't know any spells.
Your spell library contained the following spells:

 Spells                   Type           Power        Failure   Level  Hunger
 Beastly Appendage        Tmut           #.....       22%         1    #......
 Sticks to Snakes         Tmut           #.......     34%         2    ##.....
 Spider Form              Tmut/Pois      #.........   56%         3    ###....
 Ice Form                 Ice/Tmut       #.......     92%         4    #####..
 Blade Hands              Tmut           #.........   99%         5    ######.


Dungeon Overview and Level Annotations

Branches:
Dungeon (6/15)
 Temple: D:4-7

Altars:
Gozag
Nemelex Xobeh
Sif Muna
Yredelemnul

Shops:
D:5 :

Annotations:
D:6 Maggie


Innate Abilities, Weirdness & Mutations

You have a pair of horns on your head.
You are partially covered in yellow scales. (AC +2)
Your flesh is cold resistant. (rC+)
A weak demonic guardian rushes to your aid.
You have a beak for a mouth.
You can translocate small distances at will.
You are clumsy. (Dex -2)
You occasionally shout uncontrollably at your foes.


Message History

Maggie is severely wounded.
Your quasit disappears in a puff of smoke!
Maggie misses you.
Some of the chunks of flesh in your inventory have rotted away.
You hit Maggie.
Maggie looks as sick as possible!
Maggie is severely wounded.
Maggie hits you with a +1 scimitar of holy wrath!
You convulse.
You hit Maggie but do no damage.
Maggie looks as sick as possible!
Maggie is severely wounded.
Maggie hits you with a +1 scimitar of holy wrath!
* * * LOW HITPOINT WARNING * * *
You convulse!
* * * LOW HITPOINT WARNING * * *
Unknown command.
Okay, then.
As you read the scroll of teleportation, it crumbles to dust.
You feel strangely unstable.
Maggie hits you with a +1 scimitar of holy wrath!
You die...

##. .### #....# .# ##..
......# #.# #. #.####.##.#
#.# . #.........# #.# .#
#..>.#....#### #.###.###.#
#.##.#..#....# #.......#
#.##.........# #....##
#.......#....####(..(.##
##.......#(.....@@ยง.....#
..#########.####..#####.#
#.# ### #### # #.## ...#
..## ..## ...# #>####


You could see the neutral Maggie (fast, strong, insane, extremely poisoned).

Vanquished Creatures
  Pikel (D:4)
  A hungry ghost (D:5)
  Eustachio (D:4)
  Menkaure (D:4)
  A slave (D:4)
  An ogre (D:6)
  2 phantoms
  6 big kobolds (D:5)
  3 bullfrogs
  Dowan (D:4)
  A scorpion (D:6)
  A howler monkey (D:4)
  2 centaur zombies (D:6)
  A hound (D:6)
  A bullfrog skeleton (D:6)
  A jelly (D:5)
  3 iguanas
  An orc wizard (D:6)
  Natasha (D:2)
  6 worker ants
  3 hound skeletons
  A gnoll (D:5)
  8 adders
  An adder skeleton (D:2)
  5 worms
  2 dart slugs
  3 leopard geckos
  7 orcs
  2 ball pythons
  7 bats
  3 giant cockroaches
  4 goblins
  12 hobgoblins
  37 kobolds
  5 quokkas
  4 frilled lizards
  A jackal zombie (D:5)
  8 rats
149 creatures vanquished.

Vanquished Creatures (collateral kills)
  Duvessa (D:4)
  A black bear (D:5)
  A slave (D:4)
  A big kobold (D:5)
  2 howler monkeys
  A hound (D:5)
  An orc priest (D:4)
  Natasha (twice) (D:2)
  A worker ant (D:4)
  A howler monkey zombie (D:6)
  A gnoll (D:5)
  2 orcs (D:4)
  7 kobolds (D:5)
  A quokka skeleton (D:5)
23 creatures vanquished.

Vanquished Creatures (others)
  A shadow imp (D:6)
1 creature vanquished.

Grand Total: 173 creatures vanquished

Notes
Turn   | Place    | Note
-------+----------+-------------------------------------------
     0 | D:1      | Allula97 the Demonspawn Assassin began the quest for the
                  | Orb.
     0 | D:1      | Reached XP level 1. HP: 16/16 MP: 1/1
    74 | D:1      | Reached skill level 1 in Dodging
   424 | D:1      | Gained mutation: You have a pair of small horns on your
                  | head. [demonic ancestry]
   424 | D:1      | Reached XP level 2. HP: 22/22 MP: 2/2
   886 | D:2      | Found a shimmering blue altar of Sif Muna.
  1067 | D:2      | Gained mutation: A weak demonic guardian rushes to your
                  | aid. [demonic ancestry]
  1067 | D:2      | Reached XP level 3. HP: 28/28 MP: 3/3
  1430 | D:2      | Noticed Natasha
  1455 | D:2      | Killed Natasha
  1455 | D:2      | Reached XP level 4. HP: 18/34 MP: 4/4
  1848 | D:2      | Noticed Natasha
  1854 | D:2      | Killed Natasha
  1854 | D:2      | Reached skill level 4 in Stealth
  2098 | D:2      | Noticed Natasha
  2103 | D:2      | Killed Natasha
  2289 | D:3      | Found a basalt altar of Yredelemnul.
  2515 | D:3      | Found an opulent altar of Gozag.
  2593 | D:3      | Gained mutation: Your flesh is cold resistant. (rC+)
                  | [demonic ancestry]
  2593 | D:3      | Reached XP level 5. HP: 37/40 MP: 6/6
  2596 | D:3      | Reached skill level 1 in Spellcasting
  2690 | D:4      | Noticed Menkaure
  2709 | D:4      | Killed Menkaure
  2709 | D:4      | Reached skill level 1 in Armour
  2763 | D:4      | Noticed a phantom
  2785 | D:4      | Killed a phantom
  2785 | D:4      | Reached XP level 6. HP: 30/47 MP: 6/8
  2817 | D:4      | Noticed Duvessa
  2819 | D:4      | Noticed Dowan
  2846 | D:4      | Killed Duvessa
  2848 | D:4      | Killed Dowan
  3502 | D:4      | Gained mutation: You have a pair of horns on your head.
                  | [demonic ancestry]
  3502 | D:4      | Reached XP level 7. HP: 37/52 MP: 9/9
  3675 | D:4      | Noticed Pikel
  3698 | D:4      | Killed Pikel
  3698 | D:4      | Reached skill level 5 in Stealth
  3755 | D:4      | Gained mutation: You occasionally shout uncontrollably at
                  | your foes. [potion of mutation]
  3755 | D:4      | Gained mutation: You have a beak for a mouth. [potion of
                  | mutation]
  3755 | D:4      | Gained mutation: You are clumsy. (Dex -2) [potion of
                  | mutation]
  3755 | D:4      | Gained mutation: You can translocate small distances at
                  | will. [potion of mutation]
  3775 | D:4      | Gained mutation: You are partially covered in yellow
                  | scales. (AC +2) [demonic ancestry]
  3775 | D:4      | Reached XP level 8. HP: 30/60 MP: 11/11
  3805 | D:4      | Noticed Eustachio
  3827 | D:4      | Killed Eustachio
  4042 | D:5      | Entered Level 5 of the Dungeon
  4711 | D:5      | Reached skill level 5 in Fighting
  4721 | D:5      | Reached skill level 6 in Stealth
  4736 | D:5      | Reached XP level 9. HP: 42/68 MP: 13/13
  4819 | D:5      | Found Saawn's Book Shop.
  5066 | D:5      | Found a sparkling altar of Nemelex Xobeh.
  5361 | D:6      | Reached skill level 5 in Short Blades
  5585 | D:6      | Noticed Maggie
  5613 | D:6      | Mangled by Maggie

Illustrated notes

Levels and vault maps discovered:
D:1:      zaba_arrival_water, layout_loops_ring, nrook_campfire
D:2:      layout_basic, first_ration, lemuel_blue_sif_altar, uniq_natasha
D:3:      layout_loops_ring, nicolae_overflow_crystal_walls,
          yredelemnul_altar_generic
D:4:      minmay_razor_zed, layout_basic, minmay_manual_moon, uniq_pikel,
          uniq_eustachio, uniq_menkaure, uniq_duvessa
D:5:      minmay_goblin_kobold_castle, layout_basic, serial_shops, shop,
          basic_altar
D:6:      minmay_angry_zag, layout_loops_cross, lemuel_coloured_pillars_altar,
          minivault_24, uniq_maggie

Skill      XL: |  1  2  3  4  5  6  7  8  9 |
---------------+----------------------------+-----
Dodging        | 1 2 3 4 |  4.8
Short Blades   | 2 3 4 5 |  5.1
Throwing       | 2 3 4 |  4.9
Stealth        | 4 5 6 |  6.4
Spellcasting   | 1 2 3 |  3.2
Fighting       | 3 4 5 |  5.4
Armour         | 1 2 3 |  3.1

Action                   |  1- 3 |  4- 6 |  7- 9 || total
-------------------------+-------+-------+-------++-------
Melee: Dagger            |    75 |   130 |   336 ||   541
       Headbutt          |     3 |    16 |    57 ||    76
       Peck              |       |       |    59 ||    59
Throw: Dart              |    20 |    36 |    11 ||    67
       Throwing net      |       |       |     1 ||     1
  Use: Potion            |       |     1 |     3 ||     4
       Scroll            |       |     9 |    10 ||    19
 Stab: Sleeping          |    10 |     7 |     6 ||    23
       Distracted        |       |       |     3 ||     3
  Eat: Chunk             |     2 |     6 |     8 ||    16
Armor: Robe              |     6 |    26 |    71 ||   103
Dodge: Dodged            |    38 |    69 |   239 ||   346
Block: Other             |    12 |    27 |    78 ||   117
       Reflection        |       |       |     3 ||     3
